 Dungeon Crawl Stone Soup version 0.18.1-1-g2f07953 (webtiles) character file.

1575 epen the Ruffian (level 8, -1/77 (78) HPs)
             Began as a Troll Monk on May 6, 2016.
             Was a Believer of Cheibriados.
             Slain by a water moccasin (8 damage)
             ... on level 6 of the Dungeon.
             The game lasted 00:07:35 (5032 turns).

epen the Ruffian (Troll Monk)                       Turns: 5032, Time: 00:07:37

HP:   -1/77 (78)    AC:  5    Str: 25    XL:     8   Next: 60%
MP:   7/7           EV: 13    Int: 10    God:    Cheibriados [**....]
Gold: 420           SH:  0    Dex: 17    Spells: 0 memorised, 7 levels left

rFire  . . .     SeeInvis .       - Unarmed
rCold  . . .     Gourm    +     a - +0 robe
rNeg   . . .     Faith    .     (no shield)
rPois  .         Spirit   .     (helmet restricted)
rElec  .         Dismiss  .     (no cloak)
rCorr  .         Reflect  .     (gloves unavailable)
SustAt .         Harm     .     (boots unavailable)
MR     .....     Rnd*Tele +     j - amulet of magic regeneration
Stlth  ++........               (no ring)
                                u - ring of teleportation (curse)

@: non-regenerating, diseased, very slow, not resistant to hostile enchantments,
unstealthy
A: unfitting armour, claws 3, fast metabolism 3, gourmand, regeneration 2,
shaggy fur 1, tough skin 2
a: Bend Time, Renounce Religion


You were on level 6 of the Dungeon.
You worshipped Cheibriados.
Cheibriados was pleased with you.
You were not hungry.

You visited 2 branches of the dungeon, and saw 7 of its levels.

You collected 420 gold pieces.

Inventory:

Armour
 a - a +0 robe (worn)
 w - a +0 shield
Jewellery
 h - an uncursed amulet of the gourmand
 j - an amulet of magic regeneration (around neck)
 u - a cursed ring of teleportation (left claw)
Wands
 y - a wand of disintegration (10/24)
 C - a wand of random effects (14/48)
Scrolls
 c - 3 scrolls of identify {unknown}
 d - 4 scrolls of teleportation {unknown}
 e - 2 scrolls of remove curse {unknown}
 g - a scroll of amnesia {unknown}
 i - a scroll of magic mapping {unknown}
 m - 3 scrolls of recharging {unknown}
 n - 2 scrolls of random uselessness {unknown}
 s - a scroll of blinking {unknown}
 t - 2 scrolls of enchant weapon {unknown}
 v - a scroll of fog {unknown}
 x - a scroll of immolation {unknown}
 A - a scroll of enchant armour {unknown}
Potions
 f - 3 potions of might {unknown}
 o - a potion of invisibility {unknown}
 r - 3 potions of heal wounds {unknown}
 z - a potion of flight {unknown}
 B - a potion of curing {unknown}
Books
 k - Sif Muna's Volume of Fate
   (You found it on level 3 of the Dungeon)

   Spells                             Type                      Level
   a - Infusion                       Charms                       1
Comestibles
 b - 7 bread rations
 l - 2 meat rations
 p - a slice of pizza
 q - a royal jelly
 D - 4 chunks of flesh


   Skills:
 + Level 4.2 Fighting
 + Level 3.2 Armour
 * Level 5.6 Dodging
 - Level 1.1 Stealth
 + Level 2.2 Shields
 * Level 7.1 Unarmed Combat


You had 7 spell levels left.
You didn't know any spells.

Dungeon Overview and Level Annotations

Branches:
Dungeon (6/15)             Temple (1/1) D:6

Altars:
Cheibriados
Dithmenos
Elyvilon
Fedhas
Kikubaaqudgha
Makhleb
Nemelex Xobeh
Pakellas
Ru
Sif Muna
Trog
Vehumet
Xom
Yredelemnul
The Shining One

Shops:
D:4 =


Innate Abilities, Weirdness & Mutations

You are too large for most types of armour.
You have claws for hands.
Your metabolism is lightning-fast.
You like to eat raw meat.
You heal very quickly.
You are covered in fur (AC +1).
You have very tough skin (AC +2).


Message History

Eat which item? (? for menu, Esc to quit)
You can't eat that!
Items here: )) [ †† a flail; a mace; a chain mail; an orc corpse x2
Butcher an orc corpse? [(y)es/(c)hoosy/(n)o/(a)ll/(e)dible/(q)uit/?]
You butcher the orc corpse. x2
D - 2 chunks of flesh;
D - 6 chunks of flesh (gained 4)
Things that are here:
a flail; a mace; a chain mail Eat one of 6 chunks of flesh? (ye/n/q/i?) This raw flesh tastes great.
You continue eating. x2
Eat one of 5 chunks of flesh? (ye/n/q/i?) This raw flesh tastes great.
The water moccasin hisses angrily.
The water moccasin bites you.
* * * LOW HITPOINT WARNING * * *
You continue eating.
The water moccasin bites you!
You die...

# #. #. ######.# ..
... #. #.# ##.##.#
####..?#@#
?.......[S######
#####.(..........
#......######.
#......# #.......
##...#... #########
##.##p#.#
#.>.)..p#####.##.#.#


You could see a water moccasin and a neutral freed slave (wandering).

Vanquished Creatures
  Pikel (D:6)
  Grinder (D:5)
  A black bear (D:6)
  An orc warrior (D:6)
  A necrophage (D:6)
  An ogre (D:4)
  A centaur (D:5)
  A water moccasin skeleton (D:5)
  A hound (D:4)
  2 centaur skeletons
  2 orc priests
  4 worker ants
  Robin (D:2)
  3 gnolls (D:2)
  3 adders
  3 shadow imps (D:5)
  3 oozes
  An adder skeleton (D:5)
  2 dart slugs
  2 worms
  3 giant geckos
  5 orcs
  6 bats
  7 giant cockroaches
  23 goblins
  5 hobgoblins
  12 jackals
  10 kobolds
  A ball python (D:3)
  A giant gecko skeleton (D:4)
  3 giant newts
  4 rats
115 creatures vanquished.

Vanquished Creatures (others)
  3 orcs (D:6)
3 creatures vanquished.

Grand Total: 118 creatures vanquished

Notes
Turn   | Place    | Note
--------------------------------------------------------------
     0 | D:1      | epen the Troll Monk began the quest for the Orb.
     0 | D:1      | Reached XP level 1. HP: 22/22 MP: 0/0
   189 | D:1      | Reached XP level 2. HP: 25/29 MP: 1/1
   564 | D:1      | Reached XP level 3. HP: 30/36 MP: 2/2
  1189 | D:2      | Reached skill level 1 in Armour
  1256 | D:2      | Noticed Robin
  1287 | D:2      | Killed Robin
  1287 | D:2      | Reached XP level 4. HP: 15/44 MP: 3/3
  2184 | D:2      | Reached XP level 5. HP: 53/53 MP: 4/4
  2378 | D:3      | Found a glowing golden altar of the Shining One.
  2649 | D:3      | Found an ancient bone altar of Kikubaaqudgha.
  2659 | D:3      | Found a deep blue altar of Sif Muna.
  2661 | D:3      | Found a radiant altar of Vehumet.
  2666 | D:3      | Identified Sif Muna's Volume of Fate
  2947 | D:3      | Found a white marble altar of Elyvilon.
  2999 | D:3      | Found a basalt altar of Yredelemnul.
  3043 | D:4      | Noticed an ogre
  3052 | D:4      | Killed an ogre
  3052 | D:4      | Reached skill level 5 in Unarmed Combat
  3117 | D:4      | Found Radejacu's Jewellery Shop.
  3195 | D:4      | Reached XP level 6. HP: 59/61 MP: 5/5
  3501 | D:4      | Found a sacrificial altar of Ru.
  3637 | D:4      | Found a shimmering altar of Xom.
  3806 | D:5      | Entered Level 5 of the Dungeon
  3878 | D:5      | Noticed Grinder
  3891 | D:5      | Killed Grinder
  3891 | D:5      | Reached XP level 7. HP: 63/67 MP: 6/6
  3899 | D:5      | Reached skill level 1 in Shields
  4469 | D:5      | Reached skill level 6 in Unarmed Combat
  4646 | D:6      | Found a staircase to the Ecumenical Temple.
  4671 | Temple   | Entered the Ecumenical Temple
  4735 | Temple   | Became a worshipper of Cheibriados the Contemplative
  4735 | Temple   | Reached * piety under Cheibriados
  4735 | Temple   | Reached ** piety under Cheibriados
  4969 | D:6      | Noticed Pikel
  4982 | D:6      | Killed Pikel
  4982 | D:6      | Reached skill level 5 in Dodging
  4982 | D:6      | Reached XP level 8. HP: 48/78 MP: 7/7
  5012 | D:6      | Reached skill level 7 in Unarmed Combat
  5032 | D:6      | Slain by a water moccasin

Skill      XL: |  1  2  3  4  5  6  7  8 |
---------------+-------------------------+-----
Armour         | 1 2 3 |  3.2
Dodging        | 3 4 5 |  5.6
Fighting       | 3 4 |  4.2
Unarmed Combat | 5 6 7 |  7.1
Shields        | 2 |  2.2
Stealth        | |  1.1

Action                   |  1- 3 |  4- 6 |  7- 9 || total
-------------------------+-------+-------+-------++-------
Melee: Unarmed           |   100 |   167 |    62 ||   329
       Punch             |     5 |     3 |     4 ||    12
Invok: Bend Time         |       |       |     1 ||     1
 Stab: Sleeping          |     1 |     5 |     2 ||     8
  Eat: Chunk             |    17 |    20 |     6 ||    43
Armor: Robe              |    40 |    34 |    12 ||    86
Dodge: Dodged            |    53 |    86 |    25 ||   164
